 Dungeon Sprint DCSS version 0.21-a0-49-g7bf2ba4 (webtiles) character file.

53 Kidiri the Ruffian (level 3, -1/55 HPs)
             Began as a Troll Monk on June 10, 2017.
             Drowned by a water elemental (3 damage)
             ... in the Dungeon (Sprint III: "The Ten Rune Challenge").
             The game lasted 00:01:51 (230 turns).

Kidiri the Ruffian (Troll Monk)                      Turns: 230, Time: 00:01:52

Health: -1/55      AC:  7    Str: 26    XL:     3   Next: 64%
Magic:  2/2        EV: 11    Int:  8    God:
Gold:   15         SH:  0    Dex: 13    Spells: 2/2 levels left

rFire    . . .     SeeInvis .     - Unarmed
rCold    + . .     Gourm    +   (no shield)
rNeg     . . .     Faith    .   a - +0 robe
rPois    .         Spirit   .   (helmet restricted)
rElec    .         Reflect  .   (no cloak)
rCorr    .         Harm     .   (gloves unavailable)
MR       .....     NoTele   +   (boots unavailable)
Stlth    ..........             (no amulet)
Regen    0.6/turn               (no ring)
MPRegen  0.1/turn               (no ring)

@: berserking, engulfed (cannot breathe), very quick
A: unfitting armour, antennae 1, claws 3, molten scales 1, clever 1, cold
resistance 1, fast metabolism 3, gourmand, regeneration 1, shaggy fur 1, strong
1, tough skin 2
a: no special abilities


You were in the Dungeon.
You were not hungry.

You visited 1 branch You collected 15 gold pieces.

Inventory:

Armour
 a - a +0 robe (worn)
Scrolls
 h - a scroll of blinking
 k - a scroll of holy word {unknown}
 l - 2 scrolls of identify {unknown}
 m - 2 scrolls of remove curse
 p - a scroll of immolation {unknown}
 q - a scroll of enchant armour {unknown}
Potions
 c - a potion of curing
 e - a potion of haste
 f - 2 potions of magic
 o - 2 potions of flight
 s - a potion of degeneration {unknown}
 t - a potion of brilliance {unknown}
Comestibles
 b - 2 bread rations
 n - a royal jelly
 r - a fruit


   Skills:
 + Level 3.2 Fighting
 + Level 1.7 Armour
 * Level 3.8 Dodging
 * Level 2.4 Stealth
 * Level 4.5 Unarmed Combat


You had 2 spell levels left.
You didn't know any spells.

Dungeon Overview and Level Annotations

Branches:
Dungeon (1/1)

Altars:


Innate Abilities, Weirdness & Mutations

You are too large for most types of armour.
You have claws for hands.
Your metabolism is lightning-fast.
You like to eat raw meat.
Your natural rate of healing is unusually fast.
You are covered in fur. (AC +1)
You have very tough skin. (AC +2)
You have a pair of small antennae on your head.
You are partially covered in molten scales. (AC +2)
Your mind is acute. (Int +2)
Your flesh is cold resistant. (rC+)
Your muscles are strong. (Str +2)


Message History

You gasp with relief as air once again reaches your lungs.
There is an open door here.
A red film seems to cover your vision as you go berserk!
You feel yourself moving faster!
You feel mighty! The water elemental hits you!
* * * LOW HITPOINT WARNING * * *
The water elemental engulfs you in water!
With effort, you pull free of the water engulfing you.
You gasp with relief as air once again reaches your lungs.
You feel a strong urge to attack something.
The water elemental hits you!
* * * LOW HITPOINT WARNING * * *
The water elemental engulfs you in water!
You scratch the water elemental.
The water elemental is moderately damaged.
* * * LOW HITPOINT WARNING * * *
Your lungs strain for air!
The water elemental barely misses you.
You scratch the water elemental.
The water elemental is heavily damaged.
You die...

▓..#..#.....♣♣ ♣.
▓#'####......♣ ♣♣.
▓.....#....≈♣♣♣♣..
▓.....#...≈≈.♣♣.♣.
▓....[#..≈≈≈≈.♣.♣.
▓####'#..≈≈≈≈≈≈.♣.
▓.....#.≈≈≈≈≈≈....
▓...).#.≈≈≈≈≈.....
▓@....#.≈≈≈.......
▓E#####.......÷...
▓.................
▓▓▓▓▓▓▓▓▓▓▓▓▓▓▓▓▓▓
{ {


You could see a water elemental.

Vanquished Creatures
  Jessica (D)
  A human (D)
  An ooze (D)
  A phantom (D)
  2 rats (D)
6 creatures vanquished.

Vanquished Creatures (others)
  2 draconian scorchers (D)
  A yaktaur (D)
  5 hellions (D)
8 creatures vanquished.

Grand Total: 14 creatures vanquished

Notes
Turn   | Place    | Note
-------+----------+-------------------------------------------
     0 | D        | Kidiri the Troll Monk began the quest for the Orb.
     0 | D        | Reached XP level 1. HP: 22/22 MP: 0/0
    19 | D        | Noticed Jessica
    31 | D        | Killed Jessica
    31 | D        | Reached skill level 1 in Armour
    31 | D        | Reached skill level 4 in Unarmed Combat
    31 | D        | Reached XP level 2. HP: 23/31 MP: 1/1
    31 | D        | Reached XP level 3. HP: 28/37 MP: 2/2
    48 | D        | Killed a yaktaur
   101 | D        | Killed a hellion
   106 | D        | Gained mutation: Your mind is acute. (Int +2) [potion of mutation]
   106 | D        | Gained mutation: You evolve. [potion of mutation]
   106 | D        | Gained mutation: You are partially covered in molten scales. (AC +2) [potion of mutation]
   107 | D        | Lost mutation: You evolve. [potion of mutation]
   107 | D        | Lost mutation: Your mind is acute. (Int +2) [potion of mutation]
   107 | D        | Gained mutation: You have a pair of small antennae on your head. [potion of mutation]
   107 | D        | Gained mutation: You have a pair of antennae on your head. [potion of mutation]
   108 | D        | Lost mutation: You have a pair of antennae on your head. [potion of mutation]
   108 | D        | Gained mutation: Your muscles are strong. (Str +2) [potion of mutation]
   108 | D        | Gained mutation: Your flesh is cold resistant. (rC+) [potion of mutation]
   108 | D        | Gained mutation: Your mind is acute. (Int +2) [potion of mutation]
   125 | D        | Killed a hellion
   125 | D        | Killed a hellion
   140 | D        | Noticed a water elemental
   150 | D        | Killed a hellion
   165 | D        | Killed a hellion
   166 | D        | Killed a white draconian scorcher
   226 | D        | Killed a white draconian scorcher
   229 | D        | HP: 1/55 [drowned by a water elemental (3)]
   230 | D        | Drowned by a water elemental

Vault maps used:
D:        dungeon_sprint_mu

Skill      XL: |  1 |
---------------+----+-----
Fighting       | 3 |  3.2
Armour         | 1 |  1.7
Dodging        | 3 |  3.8
Stealth        | 2 |  2.4
Unarmed Combat | 4 |  4.5

Action                   || total
-------------------------++-------
Melee: Unarmed           ||    33
  Use: Potion            ||     5
       Scroll            ||     1
  Eat: Chunk             ||     2
Armor: Robe              ||     8
Dodge: Dodged            ||    15
